 Dungeon Crawl Stone Soup version 0.29.0-11-gd7f09526c8 (webtiles) character file.

Game seed: 4871510583487396693

5399 Anothat the Martial Artist (level 10, -7/56 HPs)
             Began as a Vine Stalker Transmuter on Sept 6, 2022.
             Was an Initiate of Gozag.
             Mangled by an orc knight
             ... wielding a +0 trident
              (25 damage)
             ... in a bailey.
             The game lasted 00:29:29 (8647 turns).

Anothat the Martial Artist (VSTm)                   Turns: 8647, Time: 00:29:30

Health: -7/56      AC:  3    Str: 15    XL:     10   Next: 66%
Magic:  0/14       EV: 12    Int: 19    God:    Gozag
Gold:   1477       SH:  0    Dex: 15    Spells: 0/13 levels left

rFire   . . .      SeeInvis .     - Unarmed
rCold   . . .      Faith    .   (no shield)
rNeg    . . .      Spirit   +   a - +0 robe
rPois   +          Reflect  .   (helmet currently unavailable)
rElec   .          Harm     .   g - +0 cloak of Defence {rPois rCorr Int+4}
rCorr   +          Rampage  .   (no gloves)
Will    +....                   (boots currently unavailable)
Stlth   +.........              (no amulet)
HPRegen 0.98/turn               (no ring)
MPRegen 0.14/turn               (no ring)

@: appendages, hasted, very quick
A: horns 2, talons 2, fangs 3, regeneration 1, magic shield, antimagic bite, no
potion heal 2
a: End Transformation, Renounce Religion, Potion Petition, Call Merchant, Bribe
Branch


You were in a bailey.
You worshipped Gozag.
Gozag was most pleased with you.
You had temporarily grown beastly horns and talons.
You visited 2 branches of the dungeon, and saw 10 of its levels.
You also visited: Bailey.

You collected 1896 gold pieces.
You spent 221 gold pieces at shops.
You paid 198 gold pieces to Gozag.

Inventory:

Hand Weapons
 o - the +5 sling of Defence {vorpal, rF+ MP-9 Int+5}
   (You took it off a hobgoblin on level 3 of the Dungeon)

   Any ammunition fired from it inflicts extra damage upon your enemies.
   Int:       It affects your intelligence (+5).
   rF:        It protects you from fire.
   MP:        It affects your magic capacity (-9).
Armour
 a - a +0 robe (worn)
 c - an orb of mayhem
 g - the +0 cloak of Defence (worn) {rPois rCorr Int+4}
   (You found it on level 2 of the Dungeon)

   Int:       It affects your intelligence (+4).
   rPois:     It protects you from poison.
   rCorr:     It protects you from acid and corrosion.
 s - a +0 leather armour
 w - a +5 ring mail of fire resistance
 F - the +0 kite shield of Cheibriados, Hammering {Will- Regen+ Str+8}
   (You found it in a bailey)

   Str:       It affects your strength (+8).
   Regen:     It increases your rate of health regeneration.
   Will:      It decreases your willpower.
Jewellery
 r - a ring of resist corrosion
 B - a ring of protection from fire
 D - a ring of poison resistance
Wands
 z - a wand of digging (3)
Scrolls
 d - 2 scrolls of torment
 h - a scroll of poison
 u - 2 scrolls of identify
 v - 2 scrolls of magic mapping
 x - a scroll of enchant weapon
 C - a scroll of immolation
Potions
 b - 4 potions of lignification
 e - 2 potions of heal wounds
 f - a potion of brilliance
 i - a potion of haste
 j - 2 potions of degeneration
 k - a potion of mutation
 l - 5 potions of curing
 m - 2 potions of magic {unknown}
 n - a potion of resistance {unknown}
 p - 2 potions of ambrosia {unknown}
 q - 4 potions of might
 t - 2 potions of flight {unknown}
 A - 2 potions of attraction {unknown}


   Skills:
 + Level 7.7 Fighting
 - Level 1.7 Dodging
 + Level 9.0 Unarmed Combat
 - Level 2.3 Spellcasting
 + Level 8.6 Transmutations
 + Level 5.2 Ice Magic


You couldn't memorise any spells.
You knew the following spells:

 Your Spells              Type           Power      Damage    Failure   Level
a - Beastly Appendage     Tmut           70%        N/A       1%          1
b - Wereblood             Tmut           35%        N/A       1%          2
c - Spider Form           Tmut/Pois      18%        N/A       9%          3
d - Ice Form              Ice/Tmut       28%        N/A       10%         4
e - Frozen Ramparts       Ice            44%        1d7       5%          3

Your spell library contained the following spells:

 Spells                   Type           Power      Damage    Failure   Level
 Ozocubu's Armour         Ice            22%        N/A       5%          3
 Ensorcelled Hibernation  Hex/Ice        24%        N/A       9%          2
 Apportation              Tloc           4%         N/A       16%         1
 Dazzling Flash           Conj/Hex       4%         N/A       43%         3
 Summon Ice Beast         Ice/Summ       12%        N/A       50%         4
 Metabolic Englaciation   Hex/Ice        6%         N/A       83%         5
 Anguish                  Hex/Necr       1%         N/A       85%         4
 Iskenderun's Mystic Bla  Conj/Tloc      2%         2d3       85%         4
 Summon Forest            Summ/Tloc      1%         N/A       99%         5
 Starburst                Conj/Fire      1%         6d3       100%        6
 Malign Gateway           Summ/Tloc      1%         N/A       100%        7
 Simulacrum               Ice/Necr       Unusable   N/A       N/A         6

Dungeon Overview and Level Annotations

Branches:
Dungeon (9/15)             Temple (1/1) D:7          Bailey (1/1)
   Lair: D:8-11         Orc: D:9-12

Altars:
Ashenzari
Cheibriados
Dithmenos
Fedhas
Gozag
Kikubaaqudgha
Makhleb
Nemelex Xobeh
Okawaru
Ru
Sif Muna
Trog
Uskayaw
Vehumet
Wu Jian
Xom
Yredelemnul
The Shining One

Shops:
D:3 !

Portals:
Abyss: D:7

Annotations:
D:3 3 runed translucent doors, 112233's ghost, weakling FeEE
D:7 2 transporters, Flugkiller's ghost, novice MiFi
D:8 3 runed translucent doors, Asparus's ghost, novice OpCj


Innate Abilities, Weirdness & Mutations

You have temporarily grown beastly horns and talons.
You have razor-sharp teeth.
Your natural rate of healing is unusually fast.
When hurt, damage is shared between your health and your magic reserves.
Your bite disrupts and absorbs the magic of your enemies.
Potions cannot restore your health.


Message History

Okay, then.
Okay, then.
Casting: Beastly Appendage (safe; 1% risk of failure)
Confirm with . or Enter, or press ? or * to list all spells.
Okay, then.
You start waiting.
An orc knight is nearby!
Casting: Beastly Appendage (safe; 1% risk of failure)
Confirm with . or Enter, or press ? or * to list all spells.
Casting: Frozen Ramparts (dangerous; 5% risk of failure)
Press: ? - help, Dir - look around, f - activate The walls around you are covered in ice.
Okay, then.
Casting: Frozen Ramparts (dangerous; 5% risk of failure)
Confirm with . or Enter, or press ? or * to list all spells.
You grow a pair of large bovine horns.
Your feet morph into talons.
The orc knight resists.
The wall freezes the orc knight.
Press: ? - help, v - describe, . - travel
Here: an orc knight, wielding a +0 trident and wearing +2 gold dragon scales (lightly wounded)
The floor.
Your frozen ramparts will break if you move.
Continue?
The frozen ramparts melt away as you move.
The orc knight closely misses you.
You hit the orc knight. Your bite misses the orc knight.
The orc knight is lightly wounded.
The orc knight hits you with a +0 trident!!
You hit the orc knight but do no damage.
Your kick misses the orc knight. Your bite misses the orc knight.
The orc knight is lightly wounded.
The orc knight hits you with a +0 trident!
You hit the orc knight but do no damage.
You claw the orc knight, but do no damage.
The orc knight is lightly wounded.
The orc knight hits you with a +0 trident!
Okay, then.
Okay, then.
You feel yourself speed up.
The orc knight hits you with a +0 trident!!
You die...
Your body crumbles into a pile of gold.

########### ##.........##
##..~~~~~~~..##
##..~~...).~~..##
##..~~..###..~~..##########
...)).)## ##).~~..........#
~~~~..##.∩.##..~~)~~~~~~~.#
.....##.....##)o@...)...~.#
#########'###'#########.~.#
.o.'#....§§§§.##.....##.~.#
..##..≈≈≈§≈§≈..##...##..~.#
o##..≈≈..§.§≈≈..##.##..~~.#
'#......⌠∩§......#'#..~~.∩#
+#..≈§...⌠o..≈≈..#'#..~~.##
.##..≈≈§o§..≈≈..'#.##..~~.#
$ ##..§§§.§§≈..##...##..~.#


You could see an orc knight.

Vanquished Creatures
  Erica (D:8)
  Maggie (D:8)
  Eustachio (D:5)
  2 water moccasins
  3 ice beasts
  12 orc warriors
  3 ogres
  2 sky beasts
  A centaur (D:8)
  A phantom (D:6)
  A bullfrog (D:8)
  2 scorpions
  9 wights
  4 killer bees (D:8)
  5 howler monkeys
  A crimson imp (D:5)
  5 jellies
  4 hounds
  6 orc priests
  10 orc wizards
  Terence (D:2)
  An iguana (D:6)
  6 gnolls
  10 adders
  A shadow imp (D:5)
  2 white imps
  An ufetubus (D:6)
  5 worms
  A dart slug (D:1)
  56 orcs
  8 ball pythons
  11 bats
  8 endoplasms
  3 giant cockroaches
  9 goblins
  12 hobgoblins
  12 kobolds
  A quokka (D:3)
  5 frilled lizards
  2 rats (D:3)
229 creatures vanquished.

Vanquished Creatures (others)
  A human (D:6)
  2 plants (D:3)
3 creatures vanquished.

Grand Total: 232 creatures vanquished

Notes
Turn   | Place    | Note
-------+----------+-------------------------------------------
     0 | D:1      | Anothat the Vine Stalker Transmuter began the quest for the
                  | Orb.
     0 | D:1      | Reached XP level 1. HP: 9/9 MP: 4/4
    62 | D:1      | Reached skill level 1 in Fighting
   163 | D:1      | Reached XP level 2. HP: 13/14 MP: 4/6
   177 | D:1      | Learned a level 2 spell: Wereblood
   803 | D:2      | Reached XP level 3. HP: 17/18 MP: 5/7
   918 | D:2      | Identified the +0 cloak of Defence {rPois rCorr Int+4}
   954 | D:2      | Noticed Terence
   965 | D:2      | Killed Terence
   966 | D:2      | Gained mutation: Your natural rate of healing is unusually
                  | fast. [Vine Stalker growth]
   966 | D:2      | Reached XP level 4. HP: 12/23 MP: 3/8
  1975 | D:3      | Found a runed translucent gate.
  1975 | D:3      | Found a runed translucent gate.
  1975 | D:3      | Found a runed translucent gate.
  1981 | D:3      | Reached XP level 5. HP: 26/27 MP: 7/9
  2005 | D:3      | Learned a level 3 spell: Spider Form
  2008 | D:3      | Noticed 112233's ghost (weakling FeEE)
  2397 | D:3      | Reached skill level 4 in Unarmed Combat
  2472 | D:3      | Identified the +5 sling of Defence {vorpal, rF+ MP-9 Int+5}
  2532 | D:3      | Found Uvabam's Distillery.
  2574 | D:3      | Bought a potion of curing for 39 gold pieces
  2574 | D:3      | Bought a potion of haste for 130 gold pieces
  2574 | D:3      | Bought a potion of might for 52 gold pieces
  3063 | D:4      | Reached XP level 6. HP: 29/32 MP: 7/10
  3610 | D:5      | Entered Level 5 of the Dungeon
  3699 | D:5      | Reached XP level 7. HP: 36/36 MP: 11/11
  3704 | D:5      | Reached skill level 5 in Unarmed Combat
  3831 | D:5      | Got the Discourse on the Frore Compass
  3866 | D:5      | Reached skill level 5 in Transmutations
  4109 | D:5      | Found a burning altar of Makhleb.
  4349 | D:5      | Noticed Eustachio
  4378 | D:5      | Killed Eustachio
  4379 | D:5      | Gained mutation: You have razor-sharp teeth. [Vine Stalker
                  | growth]
  4379 | D:5      | Reached XP level 8. HP: 13/42 MP: 12/12
  4383 | D:5      | Reached skill level 6 in Unarmed Combat
  4438 | D:5      | Reached skill level 5 in Fighting
  5048 | D:6      | Found an ornate altar of the Wu Jian Council.
  5262 | D:6      | Reached skill level 7 in Unarmed Combat
  5295 | D:6      | Reached XP level 9. HP: 44/48 MP: 11/13
  5300 | D:6      | Learned a level 4 spell: Ice Form
  5341 | D:6      | Found an ancient bone altar of Kikubaaqudgha.
  6239 | D:6      | Reached skill level 1 in Ice Magic
  6367 | D:7      | Found a staircase to the Ecumenical Temple.
  6410 | Temple   | Entered the Ecumenical Temple
  6479 | Temple   | Became a worshipper of Gozag Ym Sagoz the Greedy
  6581 | D:7      | Found a transporter.
  6581 | D:7      | Noticed a rakshasa
  6709 | D:7      | Found a transporter.
  6715 | D:7      | Found a one-way gate to the infinite horrors of the Abyss.
  6722 | D:7      | Noticed a smoke demon
  6760 | D:7      | Found a glowing golden altar of the Shining One.
  6838 | D:7      | Noticed Flugkiller's ghost (novice MiFi)
  6872 | D:7      | Identified a scroll of acquirement
  6872 | D:7      | Acquired 626 gold pieces
  6924 | D:8      | Found a broken altar of Ashenzari.
  7111 | D:8      | Noticed Maggie
  7118 | D:8      | Killed Maggie
  7119 | D:8      | Reached skill level 8 in Unarmed Combat
  7210 | D:8      | Found a sparkling altar of Nemelex Xobeh.
  7251 | D:8      | Reached XP level 10. HP: 53/53 MP: 12/14
  7303 | D:8      | Found a runed translucent gate.
  7303 | D:8      | Found a runed translucent gate.
  7303 | D:8      | Found a runed translucent gate.
  7446 | D:8      | Found a shimmering blue altar of Sif Muna.
  7456 | D:8      | Noticed a +0 spear
  7456 | D:8      | Noticed a +0 dagger
  7457 | D:8      | Noticed a +0 short sword
  7457 | D:8      | Noticed a +0 spear
  7458 | D:8      | Noticed a +0 dagger
  7459 | D:8      | Noticed a +0 short sword
  7461 | D:8      | Noticed a +0 falchion
  7469 | D:8      | Noticed a +0 falchion
  7474 | D:8      | Found a hide-covered altar of Uskayaw.
  7802 | D:8      | Noticed Erica
  7811 | D:8      | Killed Erica
  7900 | D:8      | Found an opulent altar of Gozag.
  7902 | D:8      | Noticed Asparus's ghost (novice OpCj)
  8098 | D:9      | Found a flagged portal.
  8111 | Bailey   | Entered a bailey
  8159 | Bailey   | Reached skill level 5 in Ice Magic
  8259 | Bailey   | Noticed an orc knight
  8402 | Bailey   | Reached skill level 9 in Unarmed Combat
  8464 | Bailey   | Identified the +0 kite shield of Cheibriados, Hammering
                  | {Will- Regen+ Str+8}
  8480 | Bailey   | Noticed an orc knight
  8543 | Bailey   | Learned a level 3 spell: Frozen Ramparts
  8647 | Bailey   | Mangled by an orc knight

Illustrated notes

Levels and vault maps discovered:
D:1:      dpeg_arrival_simpleton_a, layout_rooms
D:2:      cheibrodos_greedy_goblins, layout_basic, minmay_pentomino_pile,
          uniq_terence
D:3:      layout_basic, serial_shops, nicolae_shop_advertising_works
          [nicolae_subvault_shop_adworks], ebering_ghost_rock_garden,
          lexackson_kobold_supper
D:4:      layout_cave_pools, hangedman_abyss_or_decor_jellyfish_corner
D:5:      layout_layer_cave, makhleb_grotto_becter, uniq_eustachio
D:6:      layout_layer_cave, tgw_kikubaaqudgha, lemuel_crystal_altar
D:7:      layout_rooms, general_overflow_altar, minmay_temple_entry_statues,
          gammafunk_ghost_abyssal_escape
D:8:      layout_basic, nicolae_uskayaw_en_pointe, kennysheep_mini_moat,
          mainiacjoe_overflow_alcove_4, mainiacjoe_overflow_alcove_1,
          ebering_ghost_gozag, uniq_erica, uniq_maggie
D:9:      layout_long_grid, enter_bailey_2, serial_shops, shop_fountains
Temple:   chequers_temple_sunken
Bailey:   bailey_polearm_1, bailey

Skill      XL: |  1  2  3  4  5  6  7  8  9 10 |
---------------+-------------------------------+-----
Fighting       | 1 2 3 4 5 6 7 |  7.7
Transmutations | 3 4 5 6 7 8 |  8.6
Unarmed Combat | 4 5 7 8 9 |  9.0
Ice Magic      | 3 5 |  5.2
Dodging        | |  1.7
Spellcasting   | |  2.3

Action                   |  1- 3 |  4- 6 |  7- 9 | 10-12 || total
-------------------------+-------+-------+-------+-------++-------
Melee: Unarmed           |    60 |   162 |   297 |   142 ||   661
       Kick              |    12 |    33 |    72 |    38 ||   155
       Bite              |    16 |    31 |    73 |    33 ||   153
       Headbutt          |     4 |    24 |    51 |    26 ||   105
       Punch             |       |     5 |    11 |     8 ||    24
 Cast: Beastly Appendage |    14 |    28 |    34 |    17 ||    93
       Wereblood         |       |     2 |    10 |     3 ||    15
       Spider Form       |       |       |       |     1 ||     1
       Frozen Ramparts   |       |       |       |     1 ||     1
  Use: Scroll            |     3 |     6 |     8 |     5 ||    22
       Potion            |       |       |       |     1 ||     1
 Stab: Sleeping          |     2 |     2 |       |       ||     4
       Distracted        |       |       |     1 |     1 ||     2
Armor: Robe              |    19 |    25 |    10 |       ||    54
       Ring mail         |       |       |    64 |    48 ||   112
Dodge: Dodged            |    47 |    85 |   122 |    84 ||   338
